Map: Terraform LE (Void)

Players

wabbajack

  • Race: Zerg Zerg
  • League: Gold

STON - Winner!

  • Race: Zerg Zerg
  • League: Bronze

VOD

Have the link to the VOD?

Description

Time

  • Played on: July 17, 2015, 12:56 p.m.
  • Length: 5:21
Show
View Real Time Build Order
Export as new Build Order

wabbajack Zerg 

Build Orders: Hatch First 

Get SALT Encoding   

  12  0:02  Drone  
  13  0:16  Overlord  
  13  0:20  Drone  
  14  0:24  Drone, Extractor  
  16  0:35  Drone  
  16  0:39  Drone  
  17  0:55  Hatchery  
  16  1:00  Drone  
  16  1:01  Drone  
  16  1:04  Extractor  
  17  1:10  Drone  
  18  1:24  Spawning Pool  
  17  1:30  Drone  
  18  1:33  Drone  
  19  1:42  Overlord  
  19  1:56  Drone  
  20  2:04  Drone  
  21  2:11  Queen x2  
  21  2:12  Drone  
  26  2:19  Drone x2, Spine Crawler  
  27  2:25  Metabolic Boost  
  27  2:29  Drone  
  28  2:31  Drone  
  28  2:37  Drone  
  30  2:47  Roach Warren  
  29  2:53  Spine Crawler  
  28  3:00  Drone x4  
  28  3:03  Extractor  
  31  3:07  Drone  
  31  3:10  Overlord  
  31  3:12  Overlord  
  32  3:39  Roach x5  
  42  3:44  Overlord  
  42  3:47  Roach  
  42  3:48  Roach x3  
  50  3:52  Roach  
  52  3:56  Overlord  
  52  4:21  Zergling x12  
  52  4:22  Zergling x4  
  60  4:34  Pneumatized Carapace  
  54  4:38  Baneling Nest  
  44  4:52  Zergling x22  
  46  5:02  Roach  
  46  5:17  Ravager  
Show
View Real Time Build Order
Export as new Build Order

STON Zerg - Winner!

Build Orders: Pool First 

Get SALT Encoding   

  12  0:01  Drone  
  13  0:08  Drone  
  14  0:26  Spawning Pool  
  13  0:31  Drone, Extractor  
  13  0:40  Overlord  
  13  0:45  Drone  
  14  0:58  Drone x2  
  14  1:03  Drone  
  17  1:13  Queen  
  17  1:16  Drone  
  20  1:28  Drone  
  20  1:31  Metabolic Boost  
  21  1:51  Hatchery  
  20  1:58  Drone x2  
  22  2:04  Overlord  
  22  2:18  Roach Warren  
  22  2:20  Drone  
  22  2:25  Drone x2  
  24  2:34  Drone x2  
  24  2:35  Drone  
  27  2:44  Queen  
  27  2:48  Drone  
  30  2:58  Overlord  
  31  3:05  Drone  
  31  3:08  Roach x2  
  35  3:14  Overlord  
  35  3:16  Overlord  
  35  3:22  Drone  
  35  3:26  Roach x2  
  40  3:30  Overlord  
  40  3:36  Roach x2  
  44  3:45  Roach  
  44  3:46  Roach  
  48  4:01  Zergling x2  
  48  4:02  Zergling x14  
  56  4:11  Lair, Drone x2  
  56  4:13  Drone  
  56  4:16  Extractor  
  58  4:18  Zergling x4  
  60  4:37  Zergling x16  
  59  4:51  Zergling x14  
Tags
 
Add a new tag
Caveats
  • Supply blocks, unpowered buildings, or Contaminate may cause inaccurate times.
  • Supply counts are checked every 10 seconds.